 Dungeon Crawl Stone Soup version 0.16.2-12-gd0ad4c3 (webtiles) character file.

20958 faibistes the Thaumaturge (level 12, -4/67 HPs)
             Began as a Deep Elf Wizard on Sept 1, 2018.
             Was a High Priest of Sif Muna.
             Killed from afar by a fire drake (12 damage)
             ... with a blast of flame
             ... on level 4 of the Lair of Beasts on Sept 2, 2018.
             The game lasted 01:08:27 (22960 turns).

faibistes the Thaumaturge (Deep Elf Wizard)        Turns: 22960, Time: 01:08:28

Health: -4/67      AC:  8    Str:  4    XL:     12   Next: 50%
Magic:  16/35      EV: 16    Int: 29    God:    Sif Muna [*****.]
Gold:   807        SH:  0    Dex: 13    Spells: 8 memorised, 13 levels left

rFire  + . .     SeeInvis .     W - +1 spear (freeze)
rCold  . . .     Clarity  .     q - +1 robe {rF+}
rNeg   + . .     SustAb   .     (no shield)
rPois  +         Gourm    .     k - +1 helmet
rElec  .         Spirit   .     t - +0 cloak
rCorr  .         Warding  .     p - +1 pair of gloves
rMut   .         Stasis   .     (no boots)
MR     ++...                    N - amulet of regeneration
Stlth  ++........               E - ring of protection from magic
                                a - ring of positive energy

@: marked, repel missiles, very resistant to hostile enchantments, unstealthy
A: poison resistance
a: Channel Energy, Forget Spell, Renounce Religion


You were on level 4 of the Lair of Beasts.
You worshipped Sif Muna.
Sif Muna was extremely pleased with you.
You were not hungry.

You visited 3 branches of the dungeon, and saw 19 of its levels.

You collected 807 gold pieces.

Inventory:

Hand weapons
 e - a +0 dagger
 g - a +1 dagger of draining
 u - a +2 hand axe of venom
 y - the +3 rapier "Tiomekl Yrey" {antimagic, rN++}
   (You found it on level 5 of the Dungeon)

   It disrupts the flow of magical energy around spellcasters and certain
   magical creatures (including the wielder).
   It greatly protects you from negative energy.
 W - a +1 spear of freezing (weapon)
Armour
 b - a +0 hat
 k - a +1 helmet (worn)
 p - a +1 pair of gloves (worn)
 q - a +1 robe of fire resistance (worn)
 t - a +0 cloak (worn)
 x - a +2 robe
Magical staves
 D - an uncursed staff of cold
 Q - an uncursed staff of earth
Jewellery
 a - a ring of positive energy (left hand)
 j - an uncursed ring of fire
 n - an uncursed ring of positive energy
 B - an uncursed ring of fire
 E - a ring of protection from magic (right hand)
 K - an uncursed ring of teleportation
 N - an amulet of regeneration (around neck)
Magical devices
 m - a wand of confusion (9)
 o - a wand of draining (3)
 v - a wand of enslavement (11)
 w - a wand of cold (12)
 C - a wand of lightning (12)
 G - a wand of digging (18)
 H - a wand of lightning (3)
 J - a wand of slowing (28)
 P - a wand of paralysis (13)
 S - a wand of digging (11)
 V - a wand of lightning (3)
Scrolls
 f - 2 scrolls of amnesia
 h - a scroll of fog
 l - 6 scrolls of remove curse
 s - 7 scrolls of enchant weapon
 M - 2 scrolls of fear
 O - 2 scrolls of teleportation
Potions
 c - a potion of cure mutation
 z - a potion of restore abilities
 A - a potion of lignification
 I - a potion of might
 L - 2 potions of resistance
 T - 2 potions of agility {unknown}
 U - a potion of flight {unknown}
 X - a potion of ambrosia
 Y - a potion of heal wounds
 Z - a potion of berserk rage {unknown}
Comestibles
 d - 11 bread rations
 i - 3 slices of pizza
 r - 5 meat rations
 F - 7 royal jellies
 R - 2 chunks of flesh


   Skills:
 + Level 4.4 Fighting
 + Level 8.7 Dodging
 - Level 2.4 Stealth
 * Level 12.8 Spellcasting
 + Level 7.3 Conjurations
 + Level 5.3 Charms
 - Level 5.0 Summonings
 + Level 5.7 Translocations
 - Level 3.3 Transmutations
 + Level 6.0 Fire Magic
 - Level 5.2 Ice Magic
 - Level 3.7 Air Magic
 * Level 5.0 Earth Magic
 - Level 2.6 Poison Magic
 * Level 7.0 Invocations
 + Level 4.4 Evocations


You had 13 spell levels left.
You knew the following spells:

 Your Spells              Type           Power        Failure   Level  Hunger
a - Magic Dart            Conj           ####         1%          1    None
b - Conjure Flame         Conj/Fire      ######..     1%          3    None
c - Summon Ice Beast      Ice/Summ       #####...     4%          4    None
d - Blink                 Tloc           N/A          1%          2    None
e - Mephitic Cloud        Conj/Pois/Air  #####...     1%          3    None
f - Repel Missiles        Chrm/Air       #####.       1%          2    None
g - Petrify               Trmt/Erth      #####...     8%          4    None
x - Throw Icicle          Conj/Ice       ######..     2%          4    None


Dungeon Overview and Level Annotations

Branches:
Dungeon (12/15)            Temple (1/1) D:6            Lair (6/8) D:10
  Swamp: Lair:3-6    Shoals: Lair:3-6     Snake: Lair:3-6    Spider: Lair:3-6
  Slime: Lair:6-8       Orc: D:9-12

Altars:
Ashenzari
Cheibriados
Dithmenos
Elyvilon
Fedhas
Gozag
Kikubaaqudgha
Makhleb
Nemelex Xobeh
Okawaru
Qazlal
Ru
Sif Muna
Trog
Vehumet
Xom
Yredelemnul
Zin
The Shining One


Innate Abilities, Weirdness & Mutations

Your system is resistant to poisons.


Message History

The yak gores the fire drake.
The fire drake closely misses the fire drake.
You hear a trumpeting!
Casting: Throw Icicle
Confirm with . or Enter, or press ? or * to list all spells.
Aiming: Mephitic Cloud
Press: ? - help, Shift-Dir - straight line, f - hound, p - black mamba
Aim: a hound (lightly wounded)
The ball explodes into a vile cloud!
The stinking cloud engulfs the hound.
The hound is lightly wounded.
The stinking cloud engulfs you!
The stinking cloud engulfs your black mamba.
Your black mamba is moderately wounded.
You hear a trumpeting! x2
The hound is engulfed in noxious fumes.
The hound appears confused.
The fire drake breathes flames at you.
The blast of flame hits the hound.
The hound dies!
The blast of flame hits you! You resist.
You die...

...#....###........##...........Y
......P## #.......####.$†........
.......# #.......# ##...........
....### ##..#...# #..k.........
....# #....#..####...........
...## #....#...##D...#P....#.
....## #...##...k.kY.##..####
.....# #.#....##§§tk......##
#........#......@Sk#.t....##
#####............P###.....# #
.........### ###...# # .#.....#
##t## ## ####.. ... .# P.. ..##
## .... ... .#.. .... .. .... #


You could see an eight-headed hydra, a yak (confused), 4 fire drakes, a
crocodile and a friendly black mamba.

Vanquished Creatures
  Maud (Lair:3)
  Erica (Lair:3)
  A hydra (Lair:2)
  A catoblepas (Lair:3)
  A griffon (Lair:3)
  A black mamba (Lair:3)
  A komodo dragon (Lair:3)
  2 spiny frogs
  3 slime creatures (D:10)
  A queen bee (D:10)
  A merfolk (D:9)
  Grinder (D:6)
  2 basilisks
  8 blink frogs (Lair:3)
  23 yaks
  2 hippogriffs
  8 water moccasins
  3 wolves (Lair:2)
  12 porcupines
  3 sky beasts
  A necrophage (D:5)
  A black bear (Lair:4)
  2 ice beasts
  7 phantoms
  4 orc warriors
  2 crocodiles (Lair:3)
  6 ogres
  4 centaurs
  A wyvern zombie (D:8)
  10 giant frogs
  3 scorpions
  4 wights (D:9)
  29 killer bees
  A goliath beetle (D:6)
  A centaur zombie (D:10)
  3 hounds
  5 jellies
  3 crimson imps
  A gnoll shaman (D:7)
  9 orc priests
  2 centaur skeletons
  14 orc wizards
  A giant frog skeleton (D:4)
  5 worker ants
  10 iguanas
  A hound zombie (D:8)
  A hound skeleton (D:4)
  23 adders
  5 gnolls (D:7)
  12 river rats (Lair:3)
  3 shadow imps
  2 giant mites
  7 worms
  2 adder skeletons
  An ooze (D:3)
  49 orcs
  3 ball pythons
  17 bats
  2 bat skeletons
  2 bat zombies
  12 hobgoblins
  11 jackals
  3 quokkas
  11 giant cockroaches
  3 giant geckos
  A giant gecko skeleton (D:4)
  6 giant newts
  11 goblins
  24 kobolds
  A quokka skeleton (D:4)
  A quokka zombie (D:9)
  24 rats
  A plant (Lair:2)
444 creatures vanquished.

Vanquished Creatures (collateral kills)
  2 spiny frogs
  A yak (Lair:3)
  2 wolves (Lair:2)
  A water moccasin (Lair:2)
  2 orc warriors
  A giant frog (Lair:1)
  3 killer bees (D:10)
  An orc priest (D:10)
  3 orc wizards
  5 river rats (Lair:3)
  12 white imps (Lair:1)
  A worm (D:2)
  4 orcs
  A kobold (D:2)
  A fungus (Lair:3)
40 creatures vanquished.

Vanquished Creatures (others)
  5 ice beasts
  A hound (Lair:4)
  An orc wizard (D:8)
  A white imp (D:2)
  4 fungi
  2 plants (Lair:3)
14 creatures vanquished.

Grand Total: 498 creatures vanquished

Notes
Turn   | Place    | Note
--------------------------------------------------------------
     0 | D:1      | faibistes, the Deep Elf Wizard, began the quest for the Orb.
     0 | D:1      | Reached XP level 1. HP: 10/10 MP: 6/6
   275 | D:1      | Reached XP level 2. HP: 15/15 MP: 5/10
   344 | D:1      | Learned a level 2 spell: Blink
   347 | D:1      | Learned a level 2 spell: Call Imp
   805 | D:1      | Reached skill level 5 in Spellcasting
   977 | D:1      | Reached XP level 3. HP: 15/19 MP: 11/14
   982 | D:1      | Learned a level 3 spell: Conjure Flame
   986 | D:1      | Learned a level 3 spell: Mephitic Cloud
  1942 | D:1      | Learned a level 2 spell: Repel Missiles
  1957 | D:2      | Found a shadowy altar of Dithmenos.
  1966 | D:2      | Reached XP level 4. HP: 24/24 MP: 9/17
  2620 | D:2      | Reached skill level 6 in Spellcasting
  3225 | D:3      | Reached XP level 5. HP: 28/28 MP: 17/20
  4170 | D:4      | Reached XP level 6. HP: 32/32 MP: 18/22
  4352 | D:4      | Noticed a phantom
  4361 | D:4      | Killed a phantom
  4361 | D:4      | Reached skill level 7 in Spellcasting
  4370 | D:5      | Entered Level 5 of the Dungeon
  4462 | D:4      | Noticed an ogre
  4471 | D:4      | Killed an ogre
  4567 | D:4      | Reached XP level 7. HP: 36/36 MP: 9/25
  4830 | D:4      | Reached skill level 1 in Fighting
  4890 | D:4      | Reached skill level 8 in Spellcasting
  5067 | D:4      | Found a stormy altar of Qazlal.
  5127 | D:4      | Noticed a phantom
  5141 | D:4      | Killed a phantom
  5304 | D:4      | Noticed an orc warrior
  5337 | D:4      | Killed an orc warrior
  5337 | D:4      | Reached skill level 5 in Dodging
  5424 | D:4      | Found a sparkling altar of Nemelex Xobeh.
  5432 | D:4      | Found an opulent altar of Gozag.
  5977 | D:6      | Reached skill level 9 in Spellcasting
  6099 | D:6      | Found a sparkling altar of Nemelex Xobeh.
  6181 | D:6      | Reached XP level 8. HP: 45/45 MP: 24/28
  6191 | D:6      | Found a staircase to the Ecumenical Temple.
  6203 | Temple   | Entered the Ecumenical Temple
  6217 | Temple   | Became a worshipper of Sif Muna the Loreminder
  6356 | D:5      | Reached skill level 1 in Fire Magic
  6502 | D:5      | Reached skill level 1 in Air Magic
  6723 | D:5      | Got a slimy rapier
  6725 | D:5      | Identified the +3 rapier "Tiomekl Yrey" {antimagic, rN++} (You found it on level 5 of the Dungeon)
  6865 | D:5      | Noticed a moth of wrath
  6871 | D:5      | Found a bloodstained altar of Trog.
  7298 | D:5      | Found a blossoming altar of Fedhas.
  7377 | D:5      | Learned a level 4 spell: Throw Icicle
  7382 | D:5      | Learned a level 4 spell: Summon Ice Beast
  7511 | D:5      | Acquired Sif Muna's first power
  7511 | D:5      | Reached skill level 1 in Ice Magic
  7511 | D:5      | Reached skill level 1 in Poison Magic
  7769 | D:6      | Noticed Grinder
  7771 | D:6      | Paralysed by Grinder for 7 turns
  7782 | D:6      | Killed Grinder
  8408 | D:6      | Reached XP level 9. HP: 49/49 MP: 13/29
  8680 | D:6      | Acquired Sif Muna's second power
  8855 | D:7      | Reached skill level 5 in Conjurations
  8951 | D:7      | Reached skill level 10 in Spellcasting
  9703 | D:7      | Found a glowing golden altar of the Shining One.
 10389 | D:8      | Found a radiant altar of Vehumet.
 11272 | D:8      | Reached skill level 1 in Invocations
 11486 | D:8      | Reached XP level 10. HP: 55/55 MP: 13/31
 11621 | D:9      | Reached skill level 1 in Evocations
 12041 | D:8      | Found a glowing silver altar of Zin.
 12987 | D:9      | Reached skill level 5 in Summonings
 13052 | D:10     | Entered Level 10 of the Dungeon
 13398 | D:9      | Found an iron altar of Okawaru.
 13811 | D:9      | Gained mutation: Your system is resistant to poisons. [potion of beneficial mutation]
 13859 | D:9      | Reached skill level 11 in Spellcasting
 14605 | D:10     | Reached skill level 1 in Charms
 14616 | D:10     | Acquired Sif Muna's third power
 14835 | D:10     | Identified a scroll of acquirement
 15147 | D:10     | Learned a level 4 spell: Petrify
 15299 | D:10     | Found a staircase to the Lair.
 15723 | D:10     | Reached skill level 1 in Transmutations
 15848 | D:10     | Reached skill level 1 in Earth Magic
 16245 | D:10     | Reached skill level 5 in Ice Magic
 16508 | D:10     | Reached XP level 11. HP: 60/60 MP: 28/33
 16692 | Lair:1   | Entered Level 1 of the Lair of Beasts
 18645 | Lair:2   | Noticed a six-headed hydra
 18788 | Lair:2   | Killed a six-headed hydra
 18788 | Lair:2   | Reached skill level 5 in Fire Magic
 18788 | Lair:2   | Reached skill level 5 in Invocations
 19451 | Lair:3   | Reached skill level 12 in Spellcasting
 19587 | Lair:4   | Reached skill level 5 in Translocations
 19870 | Lair:3   | Noticed a catoblepas
 19906 | Lair:3   | Killed a catoblepas
 20979 | Lair:3   | Reached XP level 12. HP: 66/66 MP: 26/35
 21798 | Lair:3   | Noticed Maud
 21903 | Lair:3   | HP: 3/66 [Maud/enchanted demon trident (27)]
 21910 | Lair:3   | HP: 2/66 [Maud/enchanted demon trident (12)]
 22137 | Lair:3   | Noticed Erica
 22148 | Lair:3   | Killed Erica
 22148 | Lair:3   | Reached skill level 5 in Charms
 22223 | Lair:3   | Killed Maud
 22500 | Lair:3   | Reached skill level 5 in Earth Magic
 22958 | Lair:4   | Noticed an eight-headed hydra
 22960 | Lair:4   | Killed from afar by a fire drake

Action                   |  1- 3 |  4- 6 |  7- 9 | 10-12 || total
-------------------------+-------+-------+-------+-------++-------
Melee: Dagger            |     7 |    12 |    95 |       ||   114
       Spear             |       |       |    39 |   259 ||   298
 Cast: Magic Dart        |    88 |   142 |   389 |   236 ||   855
       Mephitic Cloud    |     3 |     7 |    42 |    40 ||    92
       Repel Missiles    |     1 |     1 |       |     1 ||     3
       Blink             |     1 |     1 |     5 |    14 ||    21
       Call Imp          |       |     3 |       |       ||     3
       Conjure Flame     |       |     7 |    41 |    88 ||   136
       Throw Icicle      |       |       |    15 |   188 ||   203
       Summon Ice Beast  |       |       |     2 |    21 ||    23
Invok: Channel Energy    |       |       |       |    23 ||    23
Evoke: Wand              |       |       |       |     1 ||     1
  Use: Scroll            |       |       |    11 |    15 ||    26
       Potion            |       |       |     2 |     4 ||     6
 Stab: Sleeping          |     1 |       |     1 |       ||     2
       Confused          |       |       |    10 |    11 ||    21
  Eat: Chunk             |     3 |     8 |    20 |    36 ||    67
       Beef jerky        |       |       |     1 |     2 ||     3
       Fruit             |       |       |       |     3 ||     3
